Map: World of Sleepers LE

Players

uThermal - Winner!

  • Race: Terran Terran
  • Spawn Location: 1:00

JonSnow

  • Race: Zerg Zerg
  • Spawn Location: 7:00

VOD

Have the link to the VOD?

Description

Time

  • Played on: Sept. 6, 2019, 5:16 p.m.
  • Length: 19:55
Show
View Real Time Build Order
Export as new Build Order

uThermal Terran - Winner!

Build Orders: 2 Factory, Hellion Opening, Reaper Expand, Mech 

Get SALT Encoding   

  12  0:01  SCV  
  13  0:13  SCV  
  14  0:17  Supply Depot  
  14  0:25  SCV  
  15  0:39  SCV  
  15  0:40  Barracks  
  16  0:43  Refinery  
  16  0:51  SCV  
  17  1:03  SCV  
  18  1:15  SCV  
  19  1:27  Orbital Command, Reaper  
  20  1:40  Command Center  
  20  1:50  Supply Depot  
  20  1:53  SCV  
  21  1:59  Marine  
  22  2:05  SCV  
  23  2:09  Factory  
  23  2:15  Refinery  
  23  2:17  SCV  
  23  2:20  Barracks Reactor  
  24  2:29  SCV  
  25  2:42  SCV  
  26  2:53  Orbital Command  
  26  2:54  SCV  
  26  2:55  Factory  
  27  2:59  Hellion  
  27  3:00  Hellion  
  31  3:06  SCV  
  31  3:07  Barracks Tech Lab  
  32  3:14  Supply Depot  
  32  3:18  SCV x2  
  34  3:21  Hellion  
  34  3:24  Hellion  
  38  3:30  SCV x2  
  38  3:32  Marine  
  41  3:42  SCV x2  
  41  3:44  Infernal Pre-Igniter  
  41  3:45  Cyclone  
  46  3:49  Hellion  
  46  3:54  Supply Depot  
  46  3:55  Hellion  
  50  3:57  SCV  
  50  3:59  SCV  
  52  4:09  SCV, Supply Depot  
  53  4:11  SCV  
  53  4:16  Hellion x2  
  58  4:18  Hellion  
  58  4:21  SCV  
  58  4:23  SCV  
  62  4:25  Supply Depot  
  62  4:33  SCV  
  62  4:35  SCV  
  62  4:37  Hellion  
  62  4:38  Hellion  
  67  4:40  Hellion  
  70  4:45  SCV  
  70  4:47  SCV  
  70  4:50  Command Center  
  71  4:57  SCV  
  71  4:58  Hellion  
  71  4:59  Hellion  
  76  5:00  Supply Depot  
  76  5:08  SCV, Refinery  
  76  5:09  Refinery  
  77  5:19  Factory  
  77  5:21  Factory x2  
  77  5:22  Siege Tank  
  77  5:24  SCV x2  
  80  5:32  Supply Depot  
  80  5:33  Hellion  
  80  5:34  Hellion  
  84  5:36  SCV  
  84  5:37  SCV  
  86  5:45  Mag-Field Accelerator  
  86  5:53  SCV x2  
  86  5:54  Siege Tank, Hellion  
  93  6:02  SCV  
  90  6:06  SCV x2  
  90  6:10  Factory Tech Lab x2  
  84  6:11  Factory Reactor  
  84  6:13  Hellion  
  84  6:15  Hellion  
  84  6:18  SCV x2  
  55  6:25  Orbital Command  
  80  6:26  Hellion  
  80  6:28  Cyclone  
  80  6:29  Cyclone  
  80  6:30  SCV  
  89  6:34  SCV  
  94  6:40  Hellion x2  
  94  6:42  SCV  
  95  6:47  Orbital Command  
  95  6:48  Armory  
  95  6:49  Armory  
  95  6:51  SCV  
  98  6:54  SCV, Hellion x2  
  98  6:59  Cyclone  
  104  7:03  SCV  
  104  7:04  Hellion  
  104  7:05  Hellion  
  107  7:13  Supply Depot  
  108  7:15  SCV  
  108  7:16  Supply Depot  
  108  7:21  Supply Depot  
  108  7:29  Unknown  
  108  7:33  Supply Depot  
  108  7:35  Cyclone x2, Hellion  
  108  7:36  Cyclone  
  117  7:38  Hellion  
  117  7:41  Terran Vehicle And Ship Armor Level 1  
  115  7:46  Terran Vehicle Weapons Level 1  
  115  7:48  Hellion  
  115  7:50  Hellion  
  113  7:56  Engineering Bay  
  111  8:01  Hellion  
  111  8:05  Supply Depot, Hellion  
  115  8:07  Cyclone, SCV x3, Hellion  
  123  8:14  Cyclone  
  123  8:15  Hellion  
  123  8:19  SCV  
  129  8:21  Hellion, Supply Depot  
  129  8:22  Supply Depot  
  129  8:23  Hellion  
  129  8:26  Hellion  
  135  8:28  Cyclone  
  135  8:29  SCV  
  135  8:30  Sensor Tower  
  135  8:31  Missile Turret  
  139  8:36  Hellion  
  139  8:39  Hellion  
  143  8:43  SCV x2  
  143  8:44  SCV  
  143  8:45  Factory x2  
  143  8:47  Factory  
  142  8:49  Hellion  
  142  8:55  SCV  
  142  8:59  Cyclone, Hellion  
  147  9:03  SCV  
  146  9:11  Hellion  
  146  9:14  Cyclone, Hellion  
  146  9:16  Hellion  
  151  9:17  Hellion  
  151  9:20  SCV  
  150  9:27  Hellion  
  152  9:31  Siege Tank  
  152  9:32  Hellion  
  152  9:35  Hellion  
  152  9:38  Siege Tank  
  155  9:39  Hellion  
  155  9:42  Factory Tech Lab x2, Supply Depot, Factory Reactor  
  155  9:49  Hellion  
  157  10:01  Supply Depot  
  157  10:02  Siege Tank  
  157  10:04  Cyclone, Hellion x2  
  164  10:11  Supply Depot  
  164  10:13  Supply Depot  
  164  10:22  Siege Tank  
  164  10:23  Hellion x3  
  164  10:24  Command Center  
  173  10:33  Hellion x3  
  173  10:34  Cyclone, Hellion  
  175  10:36  Cyclone  
  175  10:37  Hellion  
  172  10:44  Hellion  
  172  10:46  Terran Vehicle Weapons Level 2, Terran Vehicle And Ship Armor Level 2  
  172  10:55  Cyclone, Hellion  
  175  10:59  Hellion x2  
  175  11:00  Hellion  
  179  11:11  Cyclone, Hellion  
  182  11:18  Cyclone, Hellion  
  176  11:24  Hellion x2  
  178  11:28  Cyclone, Hellion  
  178  11:32  Hellion  
  185  11:33  Hellion  
  185  11:35  Cyclone, Hellion  
  192  11:43  Cyclone  
  195  11:54  Cyclone, Hellion x2  
  192  11:55  Hellion  
  192  11:57  Cyclone  
  192  11:59  SCV  
  190  12:09  Orbital Command, Refinery  
  190  12:11  Refinery  
  190  12:14  Cyclone, Hellion  
  187  12:21  Engineering Bay  
  187  12:27  Cyclone  
  190  12:30  SCV x2  
  190  12:31  Cyclone, SCV  
  190  12:33  Hellion  
  190  12:34  Hellion  
  196  12:38  Cyclone, Hellion  
  195  12:45  Cyclone, Hellion  
  195  12:47  Hellion  
  192  12:59  Cyclone  
  192  13:00  Cyclone  
  192  13:02  SCV x2  
  192  13:03  SCV  
  192  13:04  Terran Vehicle Weapons Level 3  
  197  13:17  Terran Vehicle And Ship Armor Level 3  
  197  13:18  Cyclone  
  200  13:32  Starport  
  200  13:33  Starport  
  200  13:34  Starport  
  190  13:42  Hellion  
  190  13:47  Cyclone x2  
  182  13:49  Hellion  
  182  13:52  Hellion x2  
  182  13:53  Hellion  
  190  14:01  Cyclone x2  
  196  14:07  Command Center, SCV  
  196  14:08  Hellion  
  199  14:14  Hellion  
  196  14:18  Starport Tech Lab  
  196  14:19  Starport Reactor, Starport Tech Lab  
  196  14:22  Starport Reactor, Fusion Core  
  196  14:24  Cyclone  
  196  14:26  SCV  
  196  14:27  SCV  
  196  14:28  SCV  
  199  14:37  Viking  
  199  14:38  SCV  
  195  14:39  SCV  
  195  14:44  Orbital Command  
  161  15:07  Viking  
  161  15:10  Viking x4  
  126  15:36  Cyclone  
  126  15:37  Viking  
  126  15:40  Viking x4  
  128  15:46  Cyclone  
  123  15:51  Cyclone  
  117  16:00  Orbital Command  
  113  16:07  Viking  
  113  16:10  Viking x4  
  119  16:12  Cyclone  
  119  16:13  Hellion  
  110  16:22  Orbital Command  
  95  16:36  SCV  
  95  16:37  Viking  
  95  16:39  Cyclone  
  101  16:40  Viking  
  101  16:42  Cyclone  
  101  16:45  Cyclone  
  101  16:46  Hellion  
  109  16:50  Hellion  
  104  16:56  Hellion  
  104  17:00  Hellion  
  105  17:05  Hellion  
  107  17:17  Hellion  
  107  17:20  Hellion  
  99  17:30  Cyclone  
  99  17:35  Cyclone  
  105  17:42  Smart Servos  
  105  17:44  SCV  
  105  17:49  Orbital Command  
  109  17:51  Cyclone  
  109  17:58  Hellion  
  109  17:59  Hellion  
  109  18:01  Hellion  
  109  18:05  Hellion  
  113  18:07  Hellion  
  113  18:12  Hellion  
  110  18:14  Viking  
  112  18:20  Viking  
  112  18:25  Viking  
  116  18:32  Hellion  
  116  18:33  Hellion  
  116  18:34  Hellion  
  97  18:42  Hellion  
  97  18:44  Hellion x2  
  97  18:46  SCV  
  97  18:47  Refinery  
  104  18:49  Cyclone  
  104  18:52  Hellion  
  107  19:02  Hellion  
  103  19:04  Hellion  
  103  19:05  Hellion  
  103  19:07  Hellion  
  103  19:09  Hellion  
  109  19:14  Hellion  
  109  19:17  Unknown  
  111  19:18  Hellion  
  111  19:22  Hellion  
  115  19:25  Hellion  
  115  19:27  Hellion  
  115  19:29  Hellion  
  121  19:33  Hellion  
Show
View Real Time Build Order
Export as new Build Order

JonSnow Zerg 

Build Orders: Hatch First, Brood Lord Corruptor, Swarm Host 

Get SALT Encoding   

  12  0:00  Drone  
  13  0:12  Overlord  
  13  0:18  Drone  
  14  0:31  Drone x2  
  16  0:48  Hatchery  
  15  0:52  Drone  
  15  0:56  Drone  
  17  0:59  Drone  
  18  1:09  Extractor  
  17  1:15  Spawning Pool  
  17  1:17  Drone  
  17  1:21  Drone  
  18  1:30  Drone  
  19  1:39  Drone  
  20  1:50  Overlord  
  20  2:02  Queen x2  
  20  2:03  Zergling x4  
  26  2:11  Metabolic Boost  
  25  2:30  Hatchery  
  25  2:31  Drone  
  25  2:33  Drone  
  25  2:34  Drone  
  27  2:38  Drone  
  27  2:43  Drone  
  29  2:51  Queen  
  29  2:54  Pneumatized Carapace  
  29  2:57  Drone  
  32  3:03  Overlord  
  32  3:05  Drone  
  33  3:09  Drone  
  34  3:15  Drone x2  
  34  3:19  Overlord  
  36  3:27  Queen  
  36  3:30  Zergling x4  
  40  3:35  Zergling x2  
  40  3:37  Overlord  
  40  3:38  Drone  
  40  3:40  Drone  
  43  3:45  Drone x3  
  46  3:50  Queen  
  48  3:58  Zergling x2  
  48  3:59  Zergling x2  
  50  4:04  Drone x2  
  50  4:05  Roach Warren  
  50  4:12  Drone x4  
  50  4:15  Drone x2  
  56  4:20  Drone  
  57  4:27  Extractor  
  57  4:29  Drone x2, Extractor  
  57  4:37  Overlord  
  57  4:38  Overlord x2  
  57  4:55  Queen  
  57  4:57  Roach x9  
  57  4:59  Drone x2  
  79  5:05  Drone x3  
  81  5:09  Lair  
  81  5:14  Overlord  
  81  5:16  Overlord  
  81  5:32  Evolution Chamber  
  81  5:33  Evolution Chamber  
  79  5:35  Drone  
  79  5:36  Drone x11  
  79  5:40  Drone  
  92  5:49  Drone x5  
  97  5:51  Drone  
  97  5:54  Extractor  
  91  6:10  Drone x10  
  94  6:13  Drone  
  94  6:17  Drone, Glial Reconstitution  
  89  6:22  Drone x3  
  89  6:23  Drone  
  89  6:27  Zerg Missile Weapons Level 1, Drone  
  89  6:28  Zerg Ground Armor Level 1  
  89  6:30  Drone  
  89  6:31  Infestation Pit  
  89  6:32  Extractor  
  89  6:33  Extractor  
  89  6:34  Drone  
  89  6:38  Drone  
  90  6:46  Overlord  
  90  6:50  Roach x3, Hatchery  
  90  6:54  Overlord, Drone x2  
  97  7:04  Overlord  
  97  7:06  Drone  
  98  7:09  Drone x3  
  98  7:11  Roach  
  103  7:18  Overlord  
  103  7:20  Roach x2, Drone  
  103  7:21  Roach  
  110  7:26  Roach  
  112  7:30  Overlord  
  112  7:31  Overlord, Overseer  
  112  7:33  Overseer  
  112  7:43  Swarm Host x7  
  129  7:51  Swarm Host x4  
  128  7:57  Drone  
  128  7:58  Drone x3  
  143  8:02  Swarm Host  
  143  8:03  Swarm Host  
  150  8:06  Overlord  
  150  8:07  Overlord  
  150  8:12  Swarm Host x2  
  148  8:16  Overlord x2  
  148  8:26  Ravager x3, Unknown  
  150  8:29  Overlord  
  150  8:31  Roach x3  
  150  8:33  Roach  
  159  8:34  Zergling x2  
  159  8:36  Overlord  
  159  8:38  Roach  
  159  8:39  Zergling x2, Roach x3  
  164  8:50  Roach x7  
  170  9:02  Roach x7  
  180  9:05  Roach  
  180  9:07  Drone  
  183  9:11  Roach  
  183  9:12  Overlord, Roach  
  179  9:17  Zerg Missile Weapons Level 2  
  179  9:26  Roach x2  
  179  9:27  Overlord  
  182  9:37  Zergling x18  
  191  9:39  Zerg Ground Armor Level 2  
  191  9:45  Overseer  
  191  9:52  Swarm Host  
  191  9:53  Swarm Host  
  191  9:57  Ravager x4  
  191  9:59  Hatchery  
  194  10:06  Overlord  
  192  10:17  Hive  
  192  10:19  Overlord  
  192  10:20  Spire  
  191  10:25  Baneling Nest, Ravager x3  
  193  10:33  Swarm Host x2  
  174  10:44  Roach x10  
  174  10:46  Drone x3  
  174  10:47  Drone x6  
  195  10:51  Swarm Host  
  197  10:59  Drone x4  
  197  11:00  Spine Crawler  
  199  11:07  Zergling x10  
  199  11:08  Zergling x4  
  182  11:24  Drone x3  
  182  11:25  Drone x2  
  185  11:26  Drone x2  
  185  11:32  Centrifical Hooks, Greater Spire  
  187  11:38  Roach x5  
  187  11:39  Roach  
  195  11:48  Spore Crawler  
  195  11:49  Spine Crawler  
  195  11:52  Unknown  
  195  11:54  Zerg Melee Weapons Level 1  
  172  12:03  Zergling x12  
  172  12:04  Zergling x14  
  183  12:16  Corruptor x6  
  189  12:38  Corruptor x3  
  189  12:39  Corruptor x2  
  189  12:40  Hatchery  
  195  12:54  Zerg Missile Weapons Level 3  
  195  12:55  Corruptor x3  
  195  12:56  Corruptor  
  195  13:06  Brood Lord x2  
  195  13:08  Overlord  
  199  13:25  Brood Lord x2  
  200  13:27  Zerg Flyer Armor Level 1  
  197  13:39  Brood Lord x4  
  195  13:45  Hatchery  
  195  13:47  Brood Lord x3  
  187  13:51  Overseer  
  187  13:53  Brood Lord  
  187  13:54  Zergling x34  
  199  14:01  Baneling  
  199  14:03  Extractor x2  
  199  14:04  Spore Crawler, Spine Crawler  
  195  14:13  Corruptor x3  
  195  14:14  Corruptor x2  
  196  14:24  Baneling x5  
  194  14:25  Corruptor  
  196  14:36  Corruptor x3  
  189  14:44  Corruptor x2  
  191  14:52  Baneling x3  
  190  14:57  Zergling x8  
  190  14:58  Zergling x22  
  196  15:03  Zergling x16  
  187  15:07  Corruptor  
  186  15:18  Roach x3  
  176  15:22  Baneling  
  176  15:24  Roach x2  
  177  15:33  Infestor  
  167  15:39  Roach x2  
  164  15:46  Roach  
  164  15:47  Roach x3  
  157  15:51  Corruptor  
  156  16:16  Corruptor x3  
  158  16:33  Hatchery  
  158  16:35  Pathogen Glands  
  157  16:40  Corruptor  
  147  16:56  Corruptor x3  
  147  17:08  Corruptor, Infestor  
  130  17:21  Infestor x3  
  118  17:27  Infestor x2  
  114  17:30  Zergling x2  
  114  17:34  Drone x2  
  117  17:42  Infestor x2  
  121  17:49  Drone  
  121  17:50  Drone  
  125  17:51  Drone  
  120  18:02  Zergling x8  
  116  18:07  Infestor  
  116  18:08  Infestor  
  115  18:15  Infestor x3  
  121  18:22  Infestor x2  
  119  18:39  Infestor x2  
  107  18:44  Zergling x18  
  116  18:49  Infestor  
  108  18:58  Zergling x8  
  108  18:59  Zergling x6  
  108  19:02  Roach  
  97  19:05  Roach  
  98  19:11  Infestor  
  98  19:14  Roach  
  98  19:15  Baneling x2  
  102  19:17  Roach  
  102  19:23  Roach  
  99  19:26  Baneling x3  
  99  19:28  Roach  
  88  19:33  Roach x2  
Tags
 
Add a new tag
Caveats
  • Supply blocks, unpowered buildings, or Contaminate may cause inaccurate times.
  • Supply counts are checked every 10 seconds.